 Dungeon Crawl Stone Soup version 0.22-a0-109-gbeb7240 (webtiles) character file.

81 Sergey the Digger (level 4, 0/33 HPs)
             Began as a Ghoul Earth Elementalist on Jan 26, 2018.
             Slain by a worker ant (1 damage)
             ... on level 4 of the Dungeon.
             The game lasted 00:11:53 (1427 turns).

Sergey the Digger (Ghoul Earth Elementalist)        Turns: 1427, Time: 00:11:54

Health: 0/33       AC:  3    Str: 16    XL:     4   Next: 40%
Magic:  0/7        EV: 12    Int: 11    God:
Gold:   86         SH:  0    Dex:  9    Spells: 2/8 levels left

rFire    . . .     SeeInvis .   (no weapon)
rCold    + . .     Gourm    .   (no shield)
rNeg     + + +     Faith    .   c - +0 robe
rPois    ∞         Spirit   .   (no helmet)
rElec    .         Reflect  .   h - +0 cloak
rCorr    .         Harm     .   (no gloves)
MR       .....                  (no boots)
Stlth    ++........             (no amulet)
HPRegen  0.00/turn              (no ring)
MPRegen  0.10/turn              (no ring)

@: mighty, rotting
A: rotting body, claws 1, carnivore, cold resistance 1, negative energy
resistance 3, inhibited regeneration, torment resistance, unbreathing
a: no special abilities


You were on level 4 of the Dungeon.
You were not hungry.

You visited 1 branch of the dungeon, and saw 4 of its levels.

You collected 86 gold pieces.

Inventory:

Hand Weapons
 a - a +0 dagger
Missiles
 b - 29 stones (quivered)
 k - 29 bolts
 q - 8 tomahawks
Armour
 c - a +0 robe (worn)
 h - a +0 cloak (worn)
 m - a +0 large shield
Jewellery
 g - a +5 ring of evasion {unknown}
 o - a cursed ring of loudness {unknown}
Scrolls
 i - 2 scrolls of teleportation
 j - a scroll of amnesia {unknown}
 n - a scroll of identify {unknown}
 r - a scroll of remove curse {unknown}
 s - a scroll of enchant armour {unknown}
Potions
 f - 2 potions of might
 l - a potion of lignification {unknown}
 p - a potion of curing {unknown}
Books
 e - a book of Geomancy

   Spells                             Type                      Level
   a - Sandblast                      Earth                        1
   b - Passwall                       Transmutation/Earth          2
   c - Stone Arrow                    Conjuration/Earth            3
   d - Petrify                        Transmutation/Earth          4
   e - Lee's Rapid Deconstruction     Earth                        5
Comestibles
 d - 2 rations


   Skills:
 - Level 2.0 Dodging
 - Level 2.1 Stealth
 + Level 2.9 Spellcasting
 - Level 0.8 Transmutations
 + Level 4.5 Earth Magic


You had 2 spell levels left.
You knew the following spells:

 Your Spells              Type           Power        Failure   Level  Hunger
a - Sandblast             Erth           ##....       4%          1    #......
h - Passwall              Tmut/Erth      #.........   13%         2    ###....
z - Stone Arrow           Conj/Erth      #.....       32%         3    ###....


Dungeon Overview and Level Annotations

Branches:
Dungeon (4/15)
 Temple: D:4-7

Altars:
Ashenzari
Dithmenos
Nemelex Xobeh
The Shining One

Annotations:
D:2 Terence


Innate Abilities, Weirdness & Mutations

Your body is rotting away.
You thrive on raw meat.
You are immune to poison.
You have sharp fingernails.
You are carnivorous and can eat meat at any time.
Your flesh is cold resistant. (rC+)
You are immune to negative energy. (rN+++)
You do not regenerate when monsters are visible.
You are immune to unholy pain and torment.
You can survive without breathing.


Message History

* * * LOW HITPOINT WARNING * * *
You barely miss the worker ant.
The worker ant is severely wounded.
The worker ant closely misses you.
You closely miss the worker ant.
The worker ant is severely wounded.
The worker ant completely misses you.
You completely miss the worker ant.
The worker ant is severely wounded.
The worker ant completely misses you.
Casting: Sandblast (safe; 4% risk of failure)
Confirm with . or Enter, or press ? or * to list all spells.
Aiming: Sandblast (safe; 4% risk of failure)
Press: ? - help, Shift-Dir - straight line, f/p - worker ant
Aim: a worker ant (severely wounded)
The blast of sand hits the worker ant.
The worker ant is almost dead.
b - 29 stones The worker ant bites you.
You die...

#.##..
#.%#.#
..#.#
...# #
#..#.#
#..#.#
#.<..#
#..#.#
#.@# #
#.a#
##.#
#.#
#.#
#.#
#>#
#.#


You could see a worker ant.

Vanquished Creatures
  An ooze (D:1)
  4 worms
  2 dart slugs
  6 orcs (D:3)
  4 giant cockroaches
  5 goblins
  9 hobgoblins
  4 jackals (D:3)
  A ball python (D:2)
  6 bats
  A frilled lizard (D:1)
  8 kobolds
  4 rats
55 creatures vanquished.

Notes
Turn   | Place    | Note
-------+----------+-------------------------------------------
     0 | D:1      | Sergey the Ghoul Earth Elementalist began the quest for the Orb.
     0 | D:1      | Reached XP level 1. HP: 14/14 MP: 2/2
    83 | D:1      | Reached XP level 2. HP: 14/20 MP: 0/4
   499 | D:1      | Reached XP level 3. HP: 26/26 MP: 0/5
   560 | D:1      | Learned a level 2 spell: Passwall
   618 | D:2      | Learned a level 3 spell: Stone Arrow
   627 | D:2      | Reached skill level 4 in Earth Magic
   752 | D:2      | Found a shattered altar of Ashenzari.
   917 | D:3      | Reached XP level 4. HP: 31/33 MP: 2/7
  1111 | D:3      | Found a sparkling altar of Nemelex Xobeh.
  1170 | D:2      | Noticed Terence
  1349 | D:2      | Found a shadowy altar of Dithmenos.
  1349 | D:2      | Found a glowing golden altar of the Shining One.
  1423 | D:4      | HP: 1/33 [worker ant (3)]
  1427 | D:4      | Slain by a worker ant

Vault maps used:
D:1:      lemuel_arrival_room, serial_bayou, serial_bayou_crossing,
          serial_bayou_shore_b, serial_bayou_pond_b, serial_bayou_ford_a
D:2:      ashenzari_conservatory_becter, gammafunk_temple_overflow_elements,
          uniq_terence
D:3:      nemelex_altar_shiori
D:4:      nicolae_ru_sacrificial_ziggurat, minmay_temple_entry_from_below_a,
          first_ration

Skill      XL: |  1  2  3 |
---------------+----------+-----
Dodging        | 2 |  2.0
Spellcasting   | 2 |  2.9
Earth Magic    | 4 |  4.5
Stealth        | |  2.1
Transmutations | |  0.8

Action                   |  1- 3 |  4- 6 || total
-------------------------+-------+-------++-------
Melee: Unarmed           |    75 |    52 ||   127
 Cast: Sandblast         |    46 |    38 ||    84
       Passwall          |     3 |     3 ||     6
  Use: Scroll            |     1 |       ||     1
       Potion            |       |     1 ||     1
  Eat: Chunk             |    13 |    12 ||    25
       Ration            |       |     1 ||     1
Armor: Robe              |    19 |     8 ||    27
Dodge: Dodged            |    56 |    48 ||   104

Table legend:
 A = Spawn XP
 B = Non-spawn XP
 C = Spawn XP percentage of total XP
 D = Spawn monster count
 E = Non-spawn monster count
 F = Spawn count percentage of total count
 G = Total turns spent on level
                    A         B        C        D         E        F      G
               +---------+---------+-------+---------+---------+-------+---------
         Total |       0 |     116 |   0.0 |       0 |      55 |   0.0 |  1427
               +---------+---------+-------+---------+---------+-------+---------
           D:1 |       0 |      37 |   0.0 |       0 |      18 |   0.0 |   586
           D:2 |       0 |      35 |   0.0 |       0 |      19 |   0.0 |   473
           D:3 |       0 |      44 |   0.0 |       0 |      18 |   0.0 |   353
               +---------+---------+-------+---------+---------+-------+---------
